 Dungeon Crawl Stone Soup version 0.30-a0-652-gcc886f7154 (webtiles) character file.

Game seed: 7587374802162499170

407 Newt the Skirmisher (level 7, -1/43 HPs)
             Began as a Kobold Hunter on Jan 17, 2023.
             Slain by Grinder (8 damage)
             ... while paralysed by Grinder
             ... on level 4 of the Dungeon.
             The game lasted 00:03:51 (4100 turns).

Newt the Skirmisher (Kobold Hunter)                 Turns: 4100, Time: 00:03:52

Health: -1/43      AC:  5    Str:  9    XL:     7   Next: 12%
Magic:  7/7        EV:  3    Int: 10    God:
Gold:   56         SH:  0    Dex: 20    Spells: 6/6 levels left

rFire   . . .      SeeInvis .    s - +4 sling (freeze)
rCold   . . .      Faith    .    (no shield)
rNeg    . . .      Spirit   .    c - +0 leather armour
rPois   .          Reflect  .    n - +1 helmet
rElec   .          Harm     .    (no cloak)
rCorr   .          Rampage  .    (no gloves)
Will    +....                    (no boots)
Stlth   ++++                     (no amulet)
HPRegen 0.27/turn                k - ring of willpower
MPRegen 0.10/turn                l - ring of wizardry

@: paralysed
A: small, no large weapons, nightstalker 3
a: no special abilities


You were on level 4 of the Dungeon.
You visited 1 branch of the dungeon, and saw 4 of its levels.

You collected 150 gold pieces.
You spent 94 gold pieces at shops.

Inventory:

Hand Weapons
 a - a +0 shortbow of freezing
 s - a +4 sling of freezing (weapon)
Armour
 c - a +0 leather armour (worn)
 n - a +1 helmet (worn)
Jewellery
 e - a ring of poison resistance
 k - a ring of willpower (left hand)
 l - a ring of wizardry (right hand)
Scrolls
 b - a scroll of immolation
 d - a scroll of identify
 q - 2 scrolls of teleportation
 u - a scroll of brand weapon
Potions
 f - a potion of degeneration
 g - 2 potions of resistance
 i - 2 potions of cancellation
 m - a potion of mutation
 o - a potion of flight
 p - 2 potions of heal wounds
 r - 2 potions of berserk rage {unknown}
 t - 2 potions of might {unknown}


   Skills:
 - Level 4.0 Fighting
 - Level 8.0 Ranged Weapons
 + Level 3.6 Dodging
 - Level 5.0 Stealth


You had 6 spell levels left.
You didn't know any spells.
Your spell library contained the following spells:

 Spells                   Type           Power      Damage    Failure   Level
 Apportation              Tloc           0%         N/A       21%         1
 Shock                    Conj/Air       0%         1d3       21%         1
 Summon Small Mammal      Summ           0%         N/A       21%         1
 Call Canine Familiar     Summ           0%         N/A       52%         3
 Summon Guardian Golem    Hex/Summ       0%         N/A       52%         3
 Swiftness                Air            0%         N/A       52%         3
 Airstrike                Air            0%         2d(0-16)  88%         4
 Alistair's Intoxication  Tmut/Pois      0%         N/A       99%         5


Dungeon Overview and Level Annotations

Branches:
Dungeon (4/15)
 Temple: D:4-7

Altars:

Shops:
D:3 (

Annotations:
D:4 Grinder


Innate Abilities, Weirdness & Mutations

You are small and have problems with some larger weapons.
You are completely attuned to the shadows.


Message History

Grinder misses you.
You shoot a sling bullet. The sling bullet hits Grinder.
Grinder is moderately wounded.
Grinder hits you.
You writhe in agony.
You shoot a sling bullet. The sling bullet hits Grinder!
Grinder is heavily wounded.
Grinder closely misses you.
You shoot a sling bullet. The sling bullet hits Grinder.
Grinder is severely wounded.
Grinder barely misses you.
Okay, then.
You shoot a sling bullet. The sling bullet hits Grinder.
Grinder is severely wounded.
Grinder hits you.
You shoot a sling bullet.
The sling bullet completely misses Grinder.
Grinder hits you but does no damage.
You shoot a sling bullet. The sling bullet hits Grinder!
Grinder is almost dead.
Grinder gestures at you. Pain shoots through your body!
You are too injured to fight recklessly!
You are too injured to fight recklessly!
You are too injured to fight recklessly!
You shoot a sling bullet.
The sling bullet closely misses Grinder.
Grinder gestures at you. You resist with some effort.
You shoot a sling bullet. The sling bullet barely misses Grinder.
Grinder gestures at you.
You suddenly lose the ability to move!
Grinder says, "Make like a tree!"
Grinder hits you.
You writhe in agony.
Grinder hits you.
* * * LOW HITPOINT WARNING * * *
You writhe in agony.
* * * LOW HITPOINT WARNING * * *
Grinder hits you but does no damage. Grinder hits you!
You die...

################
......#.........
......'......../
......#....@5...
......≈....##...
#.####.#≈....# ..
+###.####.#≈~.~.#
.
...........≈....
...........≈...
...........≈..
####'####..≈#.
......# #..##


You could see Grinder.

Vanquished Creatures
  A water moccasin (D:3)
  2 orc priests (D:3)
  Natasha (twice) (D:4)
  An orc wizard (D:4)
  Robin (D:2)
  4 adders
  3 gnolls (D:3)
  A worm (D:2)
  A dart slug (D:3)
  5 orcs
  10 ball pythons
  4 endoplasms
  7 giant cockroaches
  13 goblins
  7 hobgoblins
  2 quokkas
  8 bats
  6 frilled lizards
  6 kobolds
  5 rats
89 creatures vanquished.

Notes
Turn   | Place    | Note
-------+----------+-------------------------------------------
     0 | D:1      | Newt the Kobold Hunter began the quest for the Orb.
     0 | D:1      | Reached XP level 1. HP: 12/12 MP: 1/1
   141 | D:1      | Reached XP level 2. HP: 17/17 MP: 2/2
   631 | D:1      | Reached XP level 3. HP: 14/22 MP: 3/3
  1224 | D:2      | Noticed Robin
  1530 | D:2      | Reached XP level 4. HP: 27/29 MP: 4/4
  1546 | D:2      | Killed Robin
  2137 | D:3      | Found Plog's Antique Weapon Shop.
  2150 | D:3      | Bought a runed sling for 94 gold pieces
  2164 | D:3      | Reached skill level 6 in Ranged Weapons
  2221 | D:3      | Reached XP level 5. HP: 33/33 MP: 5/5
  2512 | D:3      | Found the +7 great mace "Undeadhunter" {deathbane, rN+}
  2690 | D:3      | Reached skill level 7 in Ranged Weapons
  3189 | D:3      | Reached XP level 6. HP: 14/38 MP: 6/6
  3382 | D:4      | Noticed a water moccasin
  3684 | D:3      | Killed a water moccasin
  3685 | D:3      | Reached skill level 8 in Ranged Weapons
  3834 | D:4      | Noticed Natasha
  3837 | D:4      | Killed Natasha
  3838 | D:4      | Reached skill level 5 in Stealth
  3901 | D:4      | Noticed Natasha
  3904 | D:4      | Killed Natasha
  3905 | D:4      | Reached XP level 7. HP: 43/43 MP: 7/7
  4084 | D:4      | Noticed Grinder
  4096 | D:4      | Paralysed by Grinder for 5 turns
  4100 | D:4      | Slain by Grinder

Illustrated notes

Levels and vault maps discovered:
D:1:      amcnicky_arrival_underground_garden, layout_basic
D:2:      layout_basic, uniq_robin
D:3:      layout_basic, serial_shops, shop, eino_tiny_chamber
D:4:      minmay_angry_zag, layout_gridville, serial_rivers,
          chequers_serial_rivers_micro_a, chequers_serial_rivers_small_a,
          chequers_serial_rivers_small_a, chequers_serial_rivers_micro_e,
          uniq_grinder, uniq_natasha, uniq_edmund

Skill      XL: |  1  2  3  4  5  6 |
---------------+-------------------+-----
Stealth        | 2 3 5 |  5.0
Fighting       | 3 4 |  4.0
Ranged Weapons | 6 7 8 |  8.0
Dodging        | 3 |  3.6

Action                   |  1- 3 |  4- 6 |  7- 9 || total
-------------------------+-------+-------+-------++-------
 Fire: Shortbow          |   109 |    35 |       ||   144
       Sling             |       |    72 |    20 ||    92
  Use: Scroll            |     6 |     6 |       ||    12
       Potion            |       |     1 |       ||     1
Armor: Leather armour    |    11 |    12 |     2 ||    25
Dodge: Dodged            |    48 |    49 |     6 ||   103

Table legend: (Time is in decaauts)
 A = Elapsed time spent in this place.
 B = Non-inter-level travel time spent in this place.
 C = Inter-level travel time spent in this place.
 D = Time resting spent in this place.
 E = Time spent auto-exploring this place.
 F = Levels seen in this place.
 G = Mean time per level.
                   A        B        C        D        E       F      G
               +--------+--------+--------+--------+--------+-----+--------+
         Total |   4130 |   3942 |    188 |   1059 |   2361 |   4 | 1032.5 |
       Dungeon |   4130 |   3942 |    188 |   1059 |   2361 |   4 | 1032.5 |
               +--------+--------+--------+--------+--------+-----+--------+

Top non-repeatable levels by time:
     D:3: 1675 daAuts
     D:2: 1150 daAuts
     D:1: 1019 daAuts
     D:4: 286 daAuts
